Pick #1

Connor Bedard
Pick #2

Leo Carlsson
Pick #3

Adam Fantilli
Pick #4

Matvei Michkov
Pick #5

David Reinbacher
Pick #6

William Smith
Pick #7

Zachary Benson
Pick #8

Ryan Leonard
Pick #9

Gabriel Perreault
Pick #10

Axel Sandin-Pellika
Pick #11

Daniil But
Pick #12

Dalibor Dvorsky
Pick #13

Quentin Musty
Pick #14

Brayden Yager
Pick #15

Dmitry Simashev
Pick #16

Colby Barlow
Pick #17

Andrew Cristall
Pick #18

Easton Cowan
Pick #19

Jacob Fowler
Pick #20

Oliver Moore
Pick #21

Oliver Bonk
Pick #22

Tom Willander
Pick #23

Calum Ritchie
Pick #24

Tanner Molendyk
Pick #25

Gavin Brindley
Pick #26

Nate Danielson
Pick #27

Pick #28

Pick #29

Pick #30

Pick #31

Pick #32

Pick #33

Pick #34

Pick #35

Pick #36

Pick #37

Pick #38

Pick #39

Pick #40

Pick #41

Pick #42

Pick #43

Pick #44

Pick #45

Pick #46

Pick #47

Pick #48

Pick #49

Pick #50

Pick #51

Pick #52

Pick #53

Pick #54

Pick #55

Pick #56

Pick #57

Pick #58

Pick #59

Pick #60

Pick #61

Pick #62

Pick #63

Pick #64

Pick #65

Pick #66

Pick #67

Pick #68

Pick #69

Pick #70

Pick #71

Pick #72

Pick #73

Pick #74

Pick #75

Pick #76

Pick #77

Pick #78

Pick #79

Pick #80

Pick #81

Pick #82

Pick #83

Pick #84

Pick #85

Pick #86

Pick #87

Pick #88

Pick #89

Pick #90

Pick #91

Pick #92

Pick #93

Pick #94

Pick #95

Pick #96

Pick #97

Pick #98

Pick #99

Pick #100

Pick #101

Pick #102

Pick #103

Pick #104

Pick #105

Pick #106

Pick #107

Pick #108

Pick #109

Pick #110

Pick #111

Pick #112

Pick #113

Pick #114

Pick #115

Pick #116

Pick #117

Pick #118

Pick #119

Pick #120

Pick #121

Pick #122

Pick #123

Pick #124

Pick #125

Pick #126

Pick #127

Pick #128

Pick #129

Pick #130

Full Scoreboard »»

Ducks vs Blues

Created - November 3, 2023 at 08:13

Goals
1 2 3 T
Ducks 0 0 0 0
Blues 3 2 1 6
Shots
1 2 3 T
Ducks 5 3 9 17
Blues 10 17 7 34

GoalsPenalties
1st period
1. Blues , Derek Ryan 2 (Carson Soucy 4) at 5:38
2. Blues , Auston Matthews 5 (Nico Hischier 7, Anthony DeAngelo 7) at 12:05
3. Blues , Yanni Gourde 5 (Carson Soucy 5, Anthony DeAngelo 8) at 15:50
Kris Letang (STL) for Holding (Minor) at 13:34
2nd period
4. Blues , Filip Hronek 2 (Devon Toews 3, Curtis Lazar 1) at 10:55
5. Blues , Clayton Keller 5 (Kris Letang 2, Cale Makar 6) at 13:08
No Penalty
3rd period
6. Blues , Auston Matthews 6 (Nico Hischier 8, Clayton Keller 6) at 15:20
Sheldon Dries (STL) for Roughing (Minor) at 2:41
Filip Hronek (STL) for Roughing (Minor) at 5:43
Pierre-Luc Dubois (ANA) for Roughing (Minor) at 10:37
Pierre-Luc Dubois (ANA) for Roughing (Minor) at 17:38
Goalie Stats
Anton Forsberg (ANA), 13 saves from 15 shots - (0.867), 29:05 minutes
Frederik Andersen (ANA), 15 saves from 19 shots - (0.789), L, 3-6-2, 30:55 minutes
Carter Hart (STL), 17 saves from 17 shots - (1.000), W, 7-3-1, 60:00 minutes
3 StarsOfficial
1 - Auston Matthews (STL)
2 - Clayton Keller (STL)
3 - Carson Soucy (STL)
Referees : Mike Sheehan and Dave Lewis
Linesman : Glen Cooke and Dennis Urban
Game Note
Anton Forsberg enters game at 10:55 of 2nd period
Finance
Level 1 -- Attendance: 6010 (92.46%) -- Ticket Income $661,100
Level 2 -- Attendance: 4701 (94.02%) -- Ticket Income $352,575
Level 3 -- Attendance: 3363 (96.09%) -- Ticket Income $184,965
Level 4 -- Attendance: 1562 (100.00%) -- Ticket Income $60,918
Luxury Box -- Attendance: 988 (98.80%) -- Ticket Income $196,612
Game was played at the Scottrade Center.
Total Attendance: 16624 (94.66%)
Total Ticket Income: $1,456,170
Other Income: $364,042
Total Income: $1,820,212



Team Name Goals Shots Shots Attemp Shots Blocked PIM HIT PP PK FO%
Ducks 01745144120 / 3 (0%)047%
Blues 6348046280 / 2 (0%)053%

Ducks
Player Name POS G A P +/- PIM HIT SHT SB MP PP MP PP SHT PK MP PK SHT FO% FOT
Adam FoxD000-1001124:262:5612:1200% 0
Adrian KempeRW0000014018:523:1400:0000% 1
Brayden McNabbD000-4040413:310:0000:0000% 0
Claude GirouxRW000-100014:000:0000:00050% 6
Jack JohnsonD000-100004:570:0000:0000% 0
Jason RobertsonLW000-1002024:392:4312:1800% 1
Joe PavelskiC0000001020:482:4302:27050% 16
Mats ZuccarelloRW000-4021014:370:0000:0000% 0
Moritz SeiderD000-1011222:033:0111:4600% 0
Nikolaj EhlersLW000-100204:220:0000:2200% 0
Patrick KaneRW000-1001020:562:4302:23080% 5
Phillip DanaultC000-4001017:513:1400:00055% 31
Pierre-Luc DuboisLW000-4431014:350:0000:0000% 1
Rasmus DahlinD000-1011024:262:5602:1200% 0
Ryan McDonaghD000-300048:340:0000:0000% 0
Travis BoydC000-1000016:160:0000:26031% 16
Tyson BarrieD000-1000222:033:0101:4600% 0
Zach HymanLW000-1001019:043:1410:0000% 1
Blues
Player Name POS G A P +/- PIM HIT SHT SB MP PP MP PP SHT PK MP PK SHT FO% FOT
Andrew MangiapaneLW0001002015:012:0713:0700% 1
Anthony DeAngeloD0224010115:251:5101:3400% 0
Auston MatthewsC2023037022:451:5102:50020% 5
Cale MakarD0111012025:352:0703:0000% 0
Carson SoucyD0224020012:000:0000:0000% 0
Clayton KellerRW1123044018:040:0000:0000% 2
Craig SmithC0001002015:100:0000:0000% 1
Curtis LazarC011101007:040:0000:00071% 7
Derek RyanC1011002014:451:5103:07060% 15
Devon ToewsD0111001120:340:0002:5700% 0
Evan RodriguesC000100007:040:0000:0000% 1
Filip HronekD1011242121:481:5102:2100% 0
Jack EichelC0001012017:172:0700:00061% 18
Kris LetangD0111272124:362:0712:0200% 0
Miles WoodLW000102109:470:0000:0000% 1
Nico HischierC0223013023:012:0702:50052% 25
Sheldon DriesC000120007:030:0000:0000% 0
Yanni GourdeC1011014017:011:5100:000100% 2



Play-by-Play

1st period


0:01 of 1st period - Nico Hischier wins face-off versus Adrian Kempe in neutral zone.
1:09 of 1st period - Icing by Craig Smith.
1:10 of 1st period - Phillip Danault wins face-off versus Jack Eichel in Blues zone.
1:26 of 1st period - Icing by Phillip Danault.
1:27 of 1st period - Derek Ryan wins face-off versus Phillip Danault in Ducks zone.
1:53 of 1st period - Shot by Derek Ryan.
1:53 of 1st period - Shot Blocked by Ryan McDonagh.
2:27 of 1st period - Shot by Zach Hyman.
2:27 of 1st period - Shot Misses the Net.
2:29 of 1st period - Shot by Tyson Barrie.
2:29 of 1st period - Shot Misses the Net.
2:31 of 1st period - Shot by Tyson Barrie.
2:31 of 1st period - Shot Misses the Net.
2:36 of 1st period - Zach Hyman is hit by Filip Hronek and loses puck.
2:48 of 1st period - Zach Hyman is hit by Filip Hronek.
3:26 of 1st period - Shot by Cale Makar.
3:26 of 1st period - Shot Blocked by Claude Giroux.
3:28 of 1st period - Shot by Clayton Keller.
3:28 of 1st period - Shot Misses the Net.
3:30 of 1st period - Shot by Kris Letang.
3:30 of 1st period - Stopped by Frederik Andersen without a rebound.
3:31 of 1st period - Yanni Gourde wins face-off versus Phillip Danault in Ducks zone.
3:36 of 1st period - Shot by Jack Eichel.
3:36 of 1st period - Shot Misses the Net.
3:39 of 1st period - Icing by Phillip Danault.
3:40 of 1st period - Phillip Danault wins face-off versus Nico Hischier in Ducks zone.
4:06 of 1st period - Shot by Nico Hischier.
4:06 of 1st period - Stopped by Frederik Andersen without a rebound.
4:07 of 1st period - Jack Eichel wins face-off versus Joe Pavelski in Ducks zone.
4:38 of 1st period - Shot by Jack Eichel.
4:38 of 1st period - Shot Misses the Net.
5:01 of 1st period - Icing by Cale Makar.
5:02 of 1st period - Jack Eichel wins face-off versus Travis Boyd in Blues zone.
5:26 of 1st period - Off-side.
5:27 of 1st period - Derek Ryan wins face-off versus Phillip Danault in neutral zone.
5:38 of 1st period - Shot by Derek Ryan.
5:38 of 1st period - Goal by Derek Ryan - Ducks : 0 - Blues : 1.
5:39 of 1st period - Nico Hischier wins face-off versus Travis Boyd in neutral zone.
5:56 of 1st period - Shot by Nico Hischier.
5:56 of 1st period - Stopped by Frederik Andersen without a rebound.
5:57 of 1st period - Claude Giroux wins face-off versus Derek Ryan in Ducks zone.
6:06 of 1st period - Shot by Nikolaj Ehlers.
6:06 of 1st period - Shot Misses the Net.
6:25 of 1st period - Moritz Seider is hit by Kris Letang and loses puck.
6:29 of 1st period - Icing by Cale Makar.
6:30 of 1st period - Derek Ryan wins face-off versus Travis Boyd in Blues zone.
6:51 of 1st period - Patrick Kane is hit by Miles Wood.
7:26 of 1st period - Zach Hyman is hit by Clayton Keller and loses puck.
8:08 of 1st period - Jason Robertson is hit by Filip Hronek and loses puck.
8:13 of 1st period - Shot by Jason Robertson.
8:13 of 1st period - Shot Misses the Net.
8:54 of 1st period - Shot by Pierre-Luc Dubois.
8:54 of 1st period - Shot Blocked by Kris Letang.
9:25 of 1st period - Shot by Nikolaj Ehlers.
9:25 of 1st period - Stopped by Carter Hart without a rebound.
9:26 of 1st period - Curtis Lazar wins face-off versus Travis Boyd in Blues zone.
10:05 of 1st period - Shot by Curtis Lazar.
10:05 of 1st period - Shot Misses the Net.
10:07 of 1st period - Shot by Curtis Lazar.
10:07 of 1st period - Shot Blocked by Brayden McNabb.
11:01 of 1st period - Shot by Jason Robertson.
11:01 of 1st period - Shot Misses the Net.
11:03 of 1st period - Shot by Adrian Kempe.
11:03 of 1st period - Stopped by Carter Hart without a rebound.
11:04 of 1st period - Jack Eichel wins face-off versus Phillip Danault in Blues zone.
11:56 of 1st period - Moritz Seider is hit by Carson Soucy and loses puck.
12:03 of 1st period - Shot by Auston Matthews.
12:03 of 1st period - Shot Blocked by Moritz Seider.
12:05 of 1st period - Shot by Nico Hischier.
12:05 of 1st period - Deflect By Auston Matthews.
12:05 of 1st period - Goal by Auston Matthews - Ducks : 0 - Blues : 2.
12:06 of 1st period - Joe Pavelski wins face-off versus Curtis Lazar in neutral zone.
12:27 of 1st period - Adrian Kempe is hit by Anthony DeAngelo and loses puck.
12:56 of 1st period - Adam Fox is hit by Clayton Keller.
13:32 of 1st period - Travis Boyd is hit by Kris Letang and loses puck.
13:34 of 1st period - Minor Penalty to Kris Letang for Holding.
13:35 of 1st period - Derek Ryan wins face-off versus Phillip Danault in Blues zone.
13:52 of 1st period - Shot by Tyson Barrie.
13:52 of 1st period - Shot Misses the Net.
13:54 of 1st period - Shot by Moritz Seider.
13:54 of 1st period - Stopped by Carter Hart without a rebound.
13:55 of 1st period - Nico Hischier wins face-off versus Joe Pavelski in Blues zone.
14:16 of 1st period - Shot by Jason Robertson.
14:16 of 1st period - Stopped by Carter Hart without a rebound.
14:17 of 1st period - Phillip Danault wins face-off versus Nico Hischier in Blues zone.
14:22 of 1st period - Shot by Zach Hyman.
14:22 of 1st period - Stopped by Carter Hart with a rebound.
15:40 of 1st period - Icing by Carson Soucy.
15:41 of 1st period - Jack Eichel wins face-off versus Claude Giroux in Blues zone.
15:50 of 1st period - Shot by Yanni Gourde.
15:50 of 1st period - Goal by Yanni Gourde - Ducks : 0 - Blues : 3.
15:51 of 1st period - Phillip Danault wins face-off versus Nico Hischier in neutral zone.
16:28 of 1st period - Shot by Auston Matthews.
16:28 of 1st period - Shot Blocked by Tyson Barrie.
17:14 of 1st period - Shot by Yanni Gourde.
17:14 of 1st period - Deflect By Craig Smith.
17:14 of 1st period - Stopped by Frederik Andersen without a rebound.
17:15 of 1st period - Travis Boyd wins face-off versus Derek Ryan in Ducks zone.
17:15 of 1st period - Travis Boyd is hit by Miles Wood.
17:32 of 1st period - Patrick Kane is hit by Cale Makar.
18:10 of 1st period - Shot by Clayton Keller.
18:10 of 1st period - Stopped by Frederik Andersen with a rebound.
18:12 of 1st period - Shot by Auston Matthews.
18:12 of 1st period - Shot Misses the Net.
18:16 of 1st period - Shot by Nico Hischier.
18:16 of 1st period - Stopped by Frederik Andersen with a rebound.
18:27 of 1st period - Shot by Clayton Keller.
18:27 of 1st period - Shot Misses the Net.
18:47 of 1st period - Shot by Nico Hischier.
18:47 of 1st period - Deflect By Auston Matthews.
18:47 of 1st period - Stopped by Frederik Andersen without a rebound.
18:48 of 1st period - Jack Eichel wins face-off versus Joe Pavelski in Ducks zone.
18:56 of 1st period - Off-side.
18:57 of 1st period - Joe Pavelski wins face-off versus Craig Smith in neutral zone.
19:05 of 1st period - Icing by Cale Makar.
19:06 of 1st period - Jack Eichel wins face-off versus Jason Robertson in Blues zone.
Goals for this period are 0 for Ducks vs 3 for Blues.
Shots for this period are 5 for Ducks vs 10 for Blues.

2nd period


0:01 of 2nd period - Nico Hischier wins face-off versus Phillip Danault in neutral zone.
0:15 of 2nd period - Rasmus Dahlin is hit by Kris Letang.
0:27 of 2nd period - Shot by Auston Matthews.
0:27 of 2nd period - Stopped by Frederik Andersen without a rebound.
0:28 of 2nd period - Jack Eichel wins face-off versus Joe Pavelski in Ducks zone.
0:47 of 2nd period - Shot by Yanni Gourde.
0:47 of 2nd period - Shot Misses the Net.
0:51 of 2nd period - Shot by Filip Hronek.
0:51 of 2nd period - Stopped by Frederik Andersen without a rebound.
0:52 of 2nd period - Phillip Danault wins face-off versus Nico Hischier in Ducks zone.
1:16 of 2nd period - Shot by Nico Hischier.
1:16 of 2nd period - Shot Blocked by Adam Fox.
1:24 of 2nd period - Shot by Clayton Keller.
1:24 of 2nd period - Stopped by Frederik Andersen without a rebound.
1:25 of 2nd period - Joe Pavelski wins face-off versus Miles Wood in Ducks zone.
1:48 of 2nd period - Shot by Adrian Kempe.
1:48 of 2nd period - Shot Misses the Net.
1:50 of 2nd period - Shot by Tyson Barrie.
1:50 of 2nd period - Shot Misses the Net.
1:52 of 2nd period - Shot by Adrian Kempe.
1:52 of 2nd period - Shot Misses the Net.
1:54 of 2nd period - Shot by Tyson Barrie.
1:54 of 2nd period - Shot Blocked by Devon Toews.
1:56 of 2nd period - Shot by Adrian Kempe.
1:56 of 2nd period - Stopped by Carter Hart without a rebound.
1:57 of 2nd period - Phillip Danault wins face-off versus Nico Hischier in Blues zone.
2:21 of 2nd period - Off-side.
2:22 of 2nd period - Claude Giroux wins face-off versus Jack Eichel in neutral zone.
2:31 of 2nd period - Shot by Jason Robertson.
2:31 of 2nd period - Shot Misses the Net.
2:33 of 2nd period - Shot by Nikolaj Ehlers.
2:33 of 2nd period - Shot Blocked by Filip Hronek.
4:06 of 2nd period - Shot by Clayton Keller.
4:06 of 2nd period - Shot Misses the Net.
4:26 of 2nd period - Shot by Miles Wood.
4:26 of 2nd period - Stopped by Frederik Andersen without a rebound.
4:27 of 2nd period - Curtis Lazar wins face-off versus Pierre-Luc Dubois in Ducks zone.
4:27 of 2nd period - Curtis Lazar is hit by Brayden McNabb.
5:02 of 2nd period - Mats Zuccarello is hit by Curtis Lazar and loses puck.
5:11 of 2nd period - Shot by Mats Zuccarello.
5:11 of 2nd period - Shot Misses the Net.
6:01 of 2nd period - Shot by Cale Makar.
6:01 of 2nd period - Shot Misses the Net.
6:24 of 2nd period - Off-side.
6:25 of 2nd period - Nico Hischier wins face-off versus Travis Boyd in neutral zone.
7:00 of 2nd period - Shot by Rasmus Dahlin.
7:00 of 2nd period - Stopped by Carter Hart without a rebound.
7:01 of 2nd period - Derek Ryan wins face-off versus Phillip Danault in Blues zone.
7:08 of 2nd period - Shot by Derek Ryan.
7:08 of 2nd period - Shot Misses the Net.
7:21 of 2nd period - Shot by Carson Soucy.
7:21 of 2nd period - Shot Blocked by Brayden McNabb.
7:23 of 2nd period - Shot by Derek Ryan.
7:23 of 2nd period - Stopped by Frederik Andersen without a rebound.
7:24 of 2nd period - Yanni Gourde wins face-off versus Claude Giroux in Ducks zone.
7:43 of 2nd period - Shot by Jack Eichel.
7:43 of 2nd period - Shot Misses the Net.
7:45 of 2nd period - Shot by Yanni Gourde.
7:45 of 2nd period - Deflect By Jack Eichel.
7:45 of 2nd period - Shot Misses the Net.
7:47 of 2nd period - Shot by Yanni Gourde.
7:47 of 2nd period - Shot Misses the Net.
7:49 of 2nd period - Shot by Cale Makar.
7:49 of 2nd period - Deflect By Jack Eichel.
7:49 of 2nd period - Stopped by Frederik Andersen without a rebound.
7:50 of 2nd period - Travis Boyd wins face-off versus Nico Hischier in Ducks zone.
7:52 of 2nd period - Rasmus Dahlin is hit by Clayton Keller and loses puck.
9:05 of 2nd period - Shot by Joe Pavelski.
9:05 of 2nd period - Shot Misses the Net.
9:07 of 2nd period - Shot by Adrian Kempe.
9:07 of 2nd period - Shot Misses the Net.
9:09 of 2nd period - Shot by Adrian Kempe.
9:09 of 2nd period - Shot Misses the Net.
9:11 of 2nd period - Shot by Adrian Kempe.
9:11 of 2nd period - Shot Misses the Net.
9:56 of 2nd period - Shot by Yanni Gourde.
9:56 of 2nd period - Shot Blocked by Ryan McDonagh.
10:04 of 2nd period - Shot by Jack Eichel.
10:04 of 2nd period - Shot Misses the Net.
10:06 of 2nd period - Shot by Carson Soucy.
10:06 of 2nd period - Shot Blocked by Ryan McDonagh.
10:08 of 2nd period - Shot by Anthony DeAngelo.
10:08 of 2nd period - Shot Misses the Net.
10:10 of 2nd period - Shot by Anthony DeAngelo.
10:10 of 2nd period - Shot Blocked by Ryan McDonagh.
10:12 of 2nd period - Shot by Anthony DeAngelo.
10:12 of 2nd period - Shot Misses the Net.
10:14 of 2nd period - Shot by Jack Eichel.
10:14 of 2nd period - Shot Misses the Net.
10:16 of 2nd period - Shot by Anthony DeAngelo.
10:16 of 2nd period - Shot Misses the Net.
10:18 of 2nd period - Shot by Craig Smith.
10:18 of 2nd period - Deflect By Jack Eichel.
10:18 of 2nd period - Shot Misses the Net.
10:20 of 2nd period - Shot by Yanni Gourde.
10:20 of 2nd period - Stopped by Frederik Andersen with a rebound.
10:22 of 2nd period - Shot by Anthony DeAngelo.
10:22 of 2nd period - Shot Misses the Net.
10:24 of 2nd period - Shot by Yanni Gourde.
10:24 of 2nd period - Stopped by Frederik Andersen with a rebound.
10:55 of 2nd period - Shot by Filip Hronek.
10:55 of 2nd period - Goal by Filip Hronek - Ducks : 0 - Blues : 4.
10:55 of 2nd period - Anton Forsberg enters game.
10:56 of 2nd period - Nico Hischier wins face-off versus Travis Boyd in neutral zone.
11:25 of 2nd period - Shot by Clayton Keller.
11:25 of 2nd period - Stopped by Anton Forsberg without a rebound.
11:26 of 2nd period - Derek Ryan wins face-off versus Claude Giroux in Ducks zone.
12:37 of 2nd period - Shot by Auston Matthews.
12:37 of 2nd period - Shot Misses the Net.
12:39 of 2nd period - Shot by Cale Makar.
12:39 of 2nd period - Stopped by Anton Forsberg without a rebound.
12:40 of 2nd period - Jack Eichel wins face-off versus Phillip Danault in Ducks zone.
12:51 of 2nd period - Shot by Jack Eichel.
12:51 of 2nd period - Shot Misses the Net.
12:53 of 2nd period - Shot by Anthony DeAngelo.
12:53 of 2nd period - Shot Misses the Net.
12:55 of 2nd period - Shot by Craig Smith.
12:55 of 2nd period - Stopped by Anton Forsberg without a rebound.
12:56 of 2nd period - Travis Boyd wins face-off versus Clayton Keller in Ducks zone.
12:58 of 2nd period - Icing by Rasmus Dahlin.
12:59 of 2nd period - Nico Hischier wins face-off versus Travis Boyd in Ducks zone.
13:08 of 2nd period - Shot by Clayton Keller.
13:08 of 2nd period - Goal by Clayton Keller - Ducks : 0 - Blues : 5.
13:09 of 2nd period - Joe Pavelski wins face-off versus Auston Matthews in neutral zone.
13:18 of 2nd period - Shot by Adrian Kempe.
13:18 of 2nd period - Shot Misses the Net.
13:47 of 2nd period - Adam Fox is hit by Auston Matthews and loses puck.
13:57 of 2nd period - Icing by Cale Makar.
13:58 of 2nd period - Nico Hischier wins face-off versus Phillip Danault in Blues zone.
14:25 of 2nd period - Shot by Yanni Gourde.
14:25 of 2nd period - Shot Misses the Net.
14:29 of 2nd period - Shot by Jack Eichel.
14:29 of 2nd period - Shot Misses the Net.
14:31 of 2nd period - Shot by Devon Toews.
14:31 of 2nd period - Shot Misses the Net.
14:37 of 2nd period - Shot by Jack Eichel.
14:37 of 2nd period - Shot Blocked by Tyson Barrie.
14:39 of 2nd period - Shot by Yanni Gourde.
14:39 of 2nd period - Stopped by Anton Forsberg without a rebound.
14:40 of 2nd period - Derek Ryan wins face-off versus Travis Boyd in Ducks zone.
14:40 of 2nd period - Anthony DeAngelo is hit by Brayden McNabb and loses puck.
14:54 of 2nd period - Shot by Zach Hyman.
14:54 of 2nd period - Shot Blocked by Anthony DeAngelo.
14:56 of 2nd period - Shot by Patrick Kane.
14:56 of 2nd period - Stopped by Carter Hart without a rebound.
14:57 of 2nd period - Curtis Lazar wins face-off versus Joe Pavelski in Blues zone.
15:06 of 2nd period - Devon Toews is hit by Adrian Kempe and loses puck.
16:01 of 2nd period - Devon Toews is hit by Moritz Seider and loses puck.
16:26 of 2nd period - Shot by Auston Matthews.
16:26 of 2nd period - Stopped by Anton Forsberg without a rebound.
16:27 of 2nd period - Phillip Danault wins face-off versus Jack Eichel in Ducks zone.
16:27 of 2nd period - Phillip Danault is hit by Jack Eichel.
16:48 of 2nd period - Brayden McNabb is hit by Carson Soucy and loses puck.
17:42 of 2nd period - Icing by Rasmus Dahlin.
17:43 of 2nd period - Nico Hischier wins face-off versus Zach Hyman in Ducks zone.
18:48 of 2nd period - Jason Robertson is hit by Nico Hischier and loses puck.
18:53 of 2nd period - Tyson Barrie is hit by Auston Matthews.
19:00 of 2nd period - Joe Pavelski is hit by Kris Letang and loses puck.
19:35 of 2nd period - Shot by Andrew Mangiapane.
19:35 of 2nd period - Stopped by Anton Forsberg with a rebound.
19:37 of 2nd period - Shot by Devon Toews.
19:37 of 2nd period - Stopped by Anton Forsberg without a rebound.
19:38 of 2nd period - Curtis Lazar wins face-off versus Phillip Danault in Ducks zone.
19:49 of 2nd period - Shot by Evan Rodrigues.
19:49 of 2nd period - Shot Blocked by Brayden McNabb.
Goals for this period are 0 for Ducks vs 2 for Blues.
Shots for this period are 3 for Ducks vs 17 for Blues.

3rd period


0:01 of 3rd period - Joe Pavelski wins face-off versus Nico Hischier in neutral zone.
0:09 of 3rd period - Off-side.
0:10 of 3rd period - Phillip Danault wins face-off versus Jack Eichel in neutral zone.
0:24 of 3rd period - Jack Eichel is hit by Pierre-Luc Dubois and loses puck.
0:32 of 3rd period - Cale Makar is hit by Mats Zuccarello and loses puck.
0:45 of 3rd period - Shot by Phillip Danault.
0:45 of 3rd period - Stopped by Carter Hart with a rebound.
0:47 of 3rd period - Shot by Phillip Danault.
0:47 of 3rd period - Shot Misses the Net.
2:35 of 3rd period - Shot by Miles Wood.
2:35 of 3rd period - Shot Blocked by Brayden McNabb.
2:38 of 3rd period - Icing by Brayden McNabb.
2:39 of 3rd period - Travis Boyd wins face-off versus Evan Rodrigues in Ducks zone.
2:41 of 3rd period - Minor Penalty to Sheldon Dries for Roughing.
2:42 of 3rd period - Phillip Danault wins face-off versus Nico Hischier in Blues zone.
2:43 of 3rd period - Shot by Adam Fox.
2:43 of 3rd period - Stopped by Carter Hart without a rebound.
2:44 of 3rd period - Phillip Danault wins face-off versus Nico Hischier in Blues zone.
2:58 of 3rd period - Icing by Adam Fox.
2:59 of 3rd period - Phillip Danault wins face-off versus Andrew Mangiapane in Ducks zone.
3:37 of 3rd period - Icing by Adam Fox.
3:38 of 3rd period - Phillip Danault wins face-off versus Derek Ryan in Ducks zone.
4:59 of 3rd period - Shot by Pierre-Luc Dubois.
4:59 of 3rd period - Stopped by Carter Hart without a rebound.
5:00 of 3rd period - Claude Giroux wins face-off versus Curtis Lazar in Blues zone.
5:33 of 3rd period - Shot by Nikolaj Ehlers.
5:33 of 3rd period - Deflect By Claude Giroux.
5:33 of 3rd period - Shot Misses the Net.
5:35 of 3rd period - Shot by Nikolaj Ehlers.
5:35 of 3rd period - Stopped by Carter Hart without a rebound.
5:36 of 3rd period - Phillip Danault wins face-off versus Nico Hischier in Blues zone.
5:36 of 3rd period - Phillip Danault is hit by Filip Hronek.
5:43 of 3rd period - Minor Penalty to Filip Hronek for Roughing.
5:44 of 3rd period - Phillip Danault wins face-off versus Nico Hischier in Blues zone.
6:39 of 3rd period - Adam Fox is hit by Auston Matthews and loses puck.
6:45 of 3rd period - Icing by Adam Fox.
6:46 of 3rd period - Joe Pavelski wins face-off versus Derek Ryan in Ducks zone.
7:28 of 3rd period - Off-side.
7:29 of 3rd period - Phillip Danault wins face-off versus Derek Ryan in neutral zone.
7:36 of 3rd period - Shot by Tyson Barrie.
7:36 of 3rd period - Shot Misses the Net.
7:41 of 3rd period - Adrian Kempe is hit by Kris Letang and loses puck.
7:59 of 3rd period - Icing by Ryan McDonagh.
8:00 of 3rd period - Phillip Danault wins face-off versus Nico Hischier in Ducks zone.
8:00 of 3rd period - Phillip Danault is hit by Clayton Keller.
8:18 of 3rd period - Cale Makar is hit by Pierre-Luc Dubois and loses puck.
9:35 of 3rd period - Shot by Jack Eichel.
9:35 of 3rd period - Shot Misses the Net.
9:50 of 3rd period - Off-side.
9:51 of 3rd period - Derek Ryan wins face-off versus Joe Pavelski in neutral zone.
10:35 of 3rd period - Shot by Adrian Kempe.
10:35 of 3rd period - Stopped by Carter Hart without a rebound.
10:36 of 3rd period - Nico Hischier wins face-off versus Phillip Danault in Blues zone.
10:36 of 3rd period - Nico Hischier is hit by Pierre-Luc Dubois.
10:37 of 3rd period - Minor Penalty to Pierre-Luc Dubois for Roughing.
10:38 of 3rd period - Patrick Kane wins face-off versus Jack Eichel in Ducks zone.
10:49 of 3rd period - Shot by Cale Makar.
10:49 of 3rd period - Shot Misses the Net.
10:51 of 3rd period - Shot by Andrew Mangiapane.
10:51 of 3rd period - Stopped by Anton Forsberg without a rebound.
10:52 of 3rd period - Patrick Kane wins face-off versus Auston Matthews in Ducks zone.
10:52 of 3rd period - Patrick Kane is hit by Yanni Gourde.
10:59 of 3rd period - Icing by Auston Matthews.
11:00 of 3rd period - Patrick Kane wins face-off versus Auston Matthews in Blues zone.
12:00 of 3rd period - Off-side.
12:01 of 3rd period - Jack Eichel wins face-off versus Joe Pavelski in neutral zone.
12:12 of 3rd period - Shot by Jack Eichel.
12:12 of 3rd period - Shot Misses the Net.
12:37 of 3rd period - Kris Letang is hit by Brayden McNabb and loses puck.
13:06 of 3rd period - Off-side.
13:07 of 3rd period - Nico Hischier wins face-off versus Travis Boyd in neutral zone.
13:33 of 3rd period - Shot by Auston Matthews.
13:33 of 3rd period - Stopped by Anton Forsberg without a rebound.
13:34 of 3rd period - Phillip Danault wins face-off versus Jack Eichel in Ducks zone.
13:51 of 3rd period - Shot by Jack Eichel.
13:51 of 3rd period - Shot Misses the Net.
13:53 of 3rd period - Shot by Jack Eichel.
13:53 of 3rd period - Shot Misses the Net.
13:55 of 3rd period - Shot by Cale Makar.
13:55 of 3rd period - Stopped by Anton Forsberg without a rebound.
13:56 of 3rd period - Joe Pavelski wins face-off versus Derek Ryan in Ducks zone.
14:33 of 3rd period - Shot by Jason Robertson.
14:33 of 3rd period - Shot Misses the Net.
14:53 of 3rd period - Shot by Auston Matthews.
14:53 of 3rd period - Shot Misses the Net.
14:55 of 3rd period - Shot by Nico Hischier.
14:55 of 3rd period - Deflect By Auston Matthews.
14:55 of 3rd period - Stopped by Anton Forsberg without a rebound.
14:56 of 3rd period - Jack Eichel wins face-off versus Travis Boyd in Ducks zone.
14:56 of 3rd period - Jack Eichel is hit by Rasmus Dahlin.
15:12 of 3rd period - Shot by Jack Eichel.
15:12 of 3rd period - Stopped by Anton Forsberg without a rebound.
15:13 of 3rd period - Nico Hischier wins face-off versus Phillip Danault in Ducks zone.
15:20 of 3rd period - Shot by Auston Matthews.
15:20 of 3rd period - Goal by Auston Matthews - Ducks : 0 - Blues : 6.
15:21 of 3rd period - Nico Hischier wins face-off versus Travis Boyd in neutral zone.
15:39 of 3rd period - Off-side.
15:40 of 3rd period - Jack Eichel wins face-off versus Joe Pavelski in neutral zone.
15:56 of 3rd period - Shot by Adrian Kempe.
15:56 of 3rd period - Stopped by Carter Hart without a rebound.
15:57 of 3rd period - Travis Boyd wins face-off versus Clayton Keller in Blues zone.
16:27 of 3rd period - Travis Boyd is hit by Kris Letang and loses puck.
17:06 of 3rd period - Shot by Jack Eichel.
17:06 of 3rd period - Shot Blocked by Moritz Seider.
17:28 of 3rd period - Shot by Jason Robertson.
17:28 of 3rd period - Shot Misses the Net.
17:30 of 3rd period - Shot by Joe Pavelski.
17:30 of 3rd period - Stopped by Carter Hart with a rebound.
17:32 of 3rd period - Shot by Moritz Seider.
17:32 of 3rd period - Shot Misses the Net.
17:34 of 3rd period - Shot by Adrian Kempe.
17:34 of 3rd period - Shot Misses the Net.
17:36 of 3rd period - Shot by Jason Robertson.
17:36 of 3rd period - Stopped by Carter Hart without a rebound.
17:37 of 3rd period - Derek Ryan wins face-off versus Phillip Danault in Blues zone.
17:37 of 3rd period - Derek Ryan is hit by Mats Zuccarello.
17:38 of 3rd period - Minor Penalty to Pierre-Luc Dubois for Roughing.
17:39 of 3rd period - Joe Pavelski wins face-off versus Jack Eichel in Ducks zone.
17:39 of 3rd period - Joe Pavelski is hit by Kris Letang.
17:54 of 3rd period - Shot by Kris Letang.
17:54 of 3rd period - Stopped by Anton Forsberg without a rebound.
17:55 of 3rd period - Patrick Kane wins face-off versus Auston Matthews in Ducks zone.
18:01 of 3rd period - Icing by Derek Ryan.
18:02 of 3rd period - Auston Matthews wins face-off versus Patrick Kane in Blues zone.
19:52 of 3rd period - Shot by Mats Zuccarello.
19:52 of 3rd period - Stopped by Carter Hart without a rebound.
19:53 of 3rd period - Curtis Lazar wins face-off versus Phillip Danault in Blues zone.
19:53 of 3rd period - Curtis Lazar is hit by Brayden McNabb.
Goals for this period are 0 for Ducks vs 1 for Blues.
Shots for this period are 9 for Ducks vs 7 for Blues.